 Dungeon Crawl Stone Soup version 0.31-a0-267-g3fc6992b3b (webtiles) character file.

Game seed: 7807160884343622209

86 qw the Shooter (level 4, -3/27 HPs)
             Began as a Gargoyle Hexslinger on July 14, 2023.
             Slain by a gnoll
             ... wielding a +0 spear
              (4 damage)
             ... on level 2 of the Dungeon.
             The game lasted 00:00:30 (1196 turns).

qw the Shooter (Gargoyle Hexslinger)                Turns: 1196, Time: 00:00:31

Health: -3/27      AC:  9    Str: 12    XL:     4   Next: 50%
Magic:  5/5        EV: 10    Int: 13    God:
Gold:   29         SH:  0    Dex: 14    Spells: 4/5 levels left

rFire   . . .        Y - +1 sling
rCold   . . .        (no shield)
rNeg    + . .        d - +0 ring mail
rPois   inf          (no helmet)
rElec   +            (no cloak)
rCorr   .            e - +0 pair of gloves
SInv    .            (no boots)
Will    .....        (no amulet)
Stlth   +            (no ring)
HPRegen 0.24/turn    (no ring)
MPRegen 0.09/turn

%: no passive effects
@: no status effects
A: sickness immunity, AC +3, negative energy resistance 1, electricity
resistance, torment resistance 1, petrification resistance
a: no special abilities


You were on level 2 of the Dungeon.
You visited 1 branch of the dungeon, and saw 2 of its levels.

You collected 29 gold pieces.


Innate Abilities, Weirdness & Mutations

You are immune to sickness and miasma.
Your stone body is resilient. (AC +3)
You are immune to poison.
You resist negative energy. (rN+)
You are resistant to electric shocks. (rElec)
You are resistant to unholy torment.
You are immune to petrification.


   Skills:
 - Level 2.3 Fighting
 + Level 3.9 Ranged Weapons
 - Level 1.1 Armour
 - Level 1.5 Dodging
 - Level 1.0 Spellcasting
 - Level 2.6 Hexes


You had 4 spell levels left.
You knew the following spells:

 Your Spells              Type           Power      Damage    Failure   Level
a - Slow                  Hex            28%        N/A       22%         1

Your spell library contained the following spells:

 Spells                   Type           Power      Damage    Failure   Level
 Inner Flame              Hex/Fire       4%         N/A       73%         3
 Portal Projectile        Hex/Tloc       8%         N/A       73%         3
 Cause Fear               Hex            3%         N/A       91%         4

Inventory:

Hand Weapons
 Y - a +1 sling (weapon)
Armour
 d - a +0 ring mail (worn)
 e - a +0 pair of gloves (worn)
Scrolls
 a - 2 scrolls of teleportation {unknown}
 c - a scroll of identify {unknown}
 h - a scroll of fog {unknown}
Potions
 b - a potion of lignification {unknown}
 f - a potion of invisibility {unknown}
 g - a potion of mutation {unknown}

Dungeon Overview and Level Annotations

Branches:
Dungeon (2/15)

Altars:


Message History

Enter note: You shoot a sling bullet.
The sling bullet hits the gnoll.
The gnoll is lightly wounded.
A gnoll comes into view. It is wielding a +0 flail.
You shoot a sling bullet. The sling bullet hits the gnoll.
The gnoll is moderately wounded.
You shoot a sling bullet.
The sling bullet hits the gnoll but does no damage.
The gnoll is moderately wounded.
You shoot a sling bullet. The sling bullet hits the gnoll.
The gnoll is severely wounded.
You shoot a sling bullet. The sling bullet hits the gnoll!
You kill the gnoll!
The gnoll closely misses you.
You shoot a sling bullet. The sling bullet hits the gnoll!
The gnoll is heavily wounded.
The gnoll hits you from afar with a +0 spear.
The gnoll hits you but does no damage.
You shoot a sling bullet.
The sling bullet barely misses the gnoll.
The sling bullet closely misses the gnoll.
The gnoll closely misses you.
You shoot a sling bullet. The sling bullet hits the gnoll.
The gnoll is heavily wounded.
The gnoll hits you but does no damage. The gnoll misses you.
You shoot a sling bullet.
The sling bullet hits the gnoll but does no damage.
The gnoll is heavily wounded.
The gnoll hits you with a +0 flail.
The gnoll hits you from afar with a +0 spear.
The gnoll hits you with a +0 flail.
The gnoll hits you from afar with a +0 spear.
You shoot a sling bullet.
The sling bullet closely misses the gnoll.
The gnoll hits you with a +0 flail! The gnoll hits you but does no damage.
You shoot a sling bullet. The sling bullet hits the gnoll.
The gnoll is almost dead.
The gnoll hits you with a +0 flail.
The gnoll hits you from afar with a +0 spear.
You die...

## ###.#.# #.#.# ..
#...#.# #...# .#
#.....# ##..# .#
#(..### #..# .#
#.#...## #%.#
.#+##.##.#.#####..#
......#...........#
.#+##.##.#)#####..##
.#..#.#...## #@g.#
.'.[#.##### #.....#
.####.# #.g.#.#
......# #.?##.#
#####.# #.#$ .# ##.#
#. # #..# #. #.## #.
####.#


You could see 2 gnolls.

Vanquished Creatures
  2 gnolls (D:2)
  3 adders (D:2)
  4 dart slugs
  3 bats
  An endoplasm (D:1)
  2 giant cockroaches (D:2)
  A goblin (D:2)
  4 hobgoblins (D:1)
  A quokka (D:1)
  5 ball pythons
  2 frilled lizards
  3 kobolds (D:1)
  4 rats
35 creatures vanquished.

Notes
Turn   | Place    | Note
-------+----------+-------------------------------------------
     0 | D:1      | qw the Gargoyle Hexslinger began the quest for the Orb.
     0 | D:1      | Reached XP level 1. HP: 12/12 MP: 2/2
     0 | D:1      | 0 ||| qw: Version: 0.3-a-52-g30416fa
     0 | D:1      | 0 ||| qw: Game counter: 7820
     0 | D:1      | 0 ||| qw: Melee chars always use a shield: true
     0 | D:1      | 0 ||| qw: God list: Okawaru
     0 | D:1      | 0 ||| qw: Allow faded altars: false
     0 | D:1      | 0 ||| qw: Do Orc after clearing Dungeon:15 true
     0 | D:1      | 0 ||| qw: Do second Lair branch before Depths: true
     0 | D:1      | 0 ||| qw: Lair rune preference: random
     0 | D:1      | 0 ||| qw: Goals: Normal
     0 | D:1      | 0 ||| PLANNING D:1-11
   122 | D:1      | Reached XP level 2. HP: 16/16 MP: 3/3
   279 | D:1      | Reached skill level 3 in Ranged Weapons
   569 | D:1      | 569 ||| UPGRADING to +0 ring mail.
   579 | D:1      | 579 ||| DROPPING +0 robe.
   580 | D:1      | 580 ||| UPGRADING to +0 pair of gloves.
   585 | D:1      | 585 ||| READING 2 scrolls labelled RUUMNI DUVE.
   586 | D:1      | 586 ||| DROPPING scroll of revelation.
   587 | D:1      | 587 ||| DROPPING scroll of poison.
   638 | D:2      | Reached XP level 3. HP: 21/21 MP: 4/4
   765 | D:2      | Reached skill level 1 in Armour
   869 | D:2      | Reached XP level 4. HP: 27/27 MP: 5/5
  1195 | D:2      | HP: 4/27 [gnoll/+0 flail (7)]
  1196 | D:2      | HP: 1/27 [gnoll/+0 flail (4)]
  1196 | D:2      | Slain by a gnoll

Levels and vault maps discovered:
D:1:      evilmike_arrival_fibonacci_small, layout_rooms, st_stairs_4
D:2:      minmay_door_path, layout_loops_ring, serial_rivers,
          chequers_serial_rivers_micro_e, chequers_serial_rivers_micro_c,
          chequers_serial_rivers_micro_d, chequers_serial_rivers_large_b,
          chequers_serial_rivers_small_b, minmay_tetromino_t2

Skill      XL: |  1  2  3 |
---------------+----------+-----
Ranged Weapons | 3 |  3.9
Fighting       | 2 |  2.3
Armour         | 1 |  1.1
Dodging        | |  1.5
Spellcasting   | |  1.0
Hexes          | |  2.6

Action                     |  1- 3 |  4- 6 || total
---------------------------+-------+-------++-------
   Fire: Sling             |    99 |    44 ||   143
    Use: Scroll            |     1 |       ||     1
 Armour: Robe              |    12 |       ||    12
         Ring mail         |    19 |    10 ||    29
  Dodge: Dodged            |    66 |    14 ||    80

Table legend:
 A = Non-vault XP
 B = Vault XP
 C = Vault XP percentage of total XP
 D = Non-vault monster count
 E = Vault monster count
 F = Vault count percentage of total count
                 A         B        C        D         E       F
            +---------+---------+-------+---------+---------+-------
      Total |     106 |      18 |  14.5 |      32 |       3 |   8.6
            +---------+---------+-------+---------+---------+-------
        D:1 |      29 |       4 |  12.1 |      16 |       2 |  11.1
        D:2 |      77 |      14 |  15.4 |      16 |       1 |   5.9
            +---------+---------+-------+---------+---------+-------
